 Dungeon Crawl Stone Soup version 0.31-a0-237-g2d982f9f85 (webtiles) character file.

Game seed: 2235064754036577010

196 reriks the Magician (level 5, -1/28 HPs)
             Began as a Deep Elf Fire Elementalist on July 11, 2023.
             Was an Initiate of Gozag.
             Slain by a scorpion (5 damage)
             ... on level 4 of the Dungeon.
             The game lasted 00:05:42 (4432 turns).

reriks the Magician (Deep Elf Fire Elementalist)    Turns: 4432, Time: 00:05:42

Health: -1/28      AC:  2    Str: 11    XL:     5   Next: 46%
Magic:  13/13      EV: 13    Int: 22    God:    Gozag
Gold:   276        SH:  0    Dex: 15    Spells: 9/12 levels left

rFire   . . .        o - +3 war axe (flame)
rCold   . . .        (no shield)
rNeg    . . .        a - +0 robe
rPois   .            (no helmet)
rElec   .            (no cloak)
rCorr   .            (no gloves)
SInv    .            (no boots)
Will    .....        (no amulet)
Stlth   +++          g - +6 ring of strength
HPRegen 0.24/turn    (no ring)
MPRegen 0.13/turn

%: no passive effects
@: lethally poisoned (-1 -> -21)
A: no striking features
a: Renounce Religion, Potion Petition, Call Merchant, Bribe Branch


You were on level 4 of the Dungeon.
You worshipped Gozag.
Gozag was aware of your devotion.
You visited 1 branch of the dungeon, and saw 4 of its levels.

You collected 276 gold pieces.

Inventory:

Hand Weapons
 j - a +0 mace
 o - a +3 war axe of flaming (weapon)
Missiles
 l - 14 boomerangs
Armour
 a - a +0 robe (worn)
Jewellery
 g - a +6 ring of strength (left hand)
Wands
 n - a wand of mindburst (11)
Scrolls
 d - 2 scrolls of identify
 e - a scroll of silence {unknown}
 i - a scroll of teleportation
 m - a scroll of enchant weapon
Potions
 b - a potion of magic
 c - a potion of attraction {unknown}
 h - 3 potions of resistance
 k - a potion of ambrosia {unknown}
 p - 3 potions of enlightenment
 r - 3 potions of degeneration {unknown}
 s - 2 potions of lignification {unknown}
 t - a potion of curing {unknown}


   Skills:
 + Level 3.8 Dodging
 - Level 3.7 Stealth
 + Level 4.4 Spellcasting
 + Level 2.7 Conjurations
 + Level 4.2 Fire Magic


You had 9 spell levels left.
You knew the following spells:

 Your Spells              Type           Power      Damage    Failure   Level
a - Foxfire               Conj/Fire      80%        2x1d8     2%          1
b - Scorch                Fire           46%        2d7       2%          2

Your spell library contained the following spells:

 Spells                   Type           Power      Damage    Failure   Level
 Inner Flame              Hex/Fire       14%        N/A       14%         3
 Volatile Blastmotes      Fire/Tloc      28%        2d12      14%         3
 Sublimation of Blood     Necr           4%         N/A       16%         2
 Wereblood                Tmut           4%         N/A       16%         2
 Flame Wave               Conj/Fire      20%        2d7       26%         4
 Summon Hydra             Summ           2%         N/A       100%        7


Dungeon Overview and Level Annotations

Branches:
Dungeon (4/15)
 Temple: D:4-7

Altars:
Elyvilon
Gozag


Message History

The foxfire hits the quokka.
You kill the quokka!
You start resting.
Magic restored.
You now have 252 gold pieces (gained 7).
You now have 256 gold pieces (gained 4).
Found an opulent altar of Gozag.
l - 14 boomerangs (gained 3)
You now have 268 gold pieces (gained 12).
You see here a +0 short sword.
You hear the slow hiss of a very distant avalanche of sand.
You now have 276 gold pieces (gained 8).
e - a scroll labelled YTSAFFUIFU You see here a +2 dagger of protection.
p - 3 potions of enlightenment (gained 1)
A hound comes into view.
A kobold comes into view. It is wielding a +0 dagger.
The hound barks!
The kobold shouts!
The kobold drinks a potion.
The kobold flickers and vanishes!
Deactivating autopickup; reactivate with Ctrl-A.
You hear the hiss of a very distant avalanche of sand.
A scorpion comes into view.
The hound bites you. The hound bites you. The hound attacks as you move away!
The hound bites you but does no damage. The hound bites you.
The hound attacks as you move away! The hound bites you.
Found a scroll of teleportation.
The scorpion stings you.
You are poisoned.
The scorpion poisons you!
You barely miss the scorpion. You barely miss the hound.
You feel very sick. The hound bites you.
* * * LOW HITPOINT WARNING * * *
The scorpion stings you.
* * * LOW HITPOINT WARNING * * *
You are more poisoned.
The scorpion poisons you! The hound barely misses you. The scorpion stings you.
You die...
Your body crumbles into a pile of gold.

.............
.##.............
####.(..........
#...###.####... ## #.###
.##.....#####....
##.#####......#.........#
......................#.##
....#.........?..s........
.......### ###@.........
.....### #.h.........
....## #.###...##... .)).#
#######............ ....#
##....##..####.##...
....###........## ... $
###...........## #...
#....♣......# ...#
###.._.♣..##..# ..


You could see a scorpion and a hound.

Vanquished Creatures
  3 iguanas
  6 adders
  5 worms
  3 dart slugs
  3 endoplasms (D:2)
  3 giant cockroaches
  3 goblins
  4 hobgoblins
  5 quokkas
  2 ball pythons
  5 bats
  6 frilled lizards
  A kobold (D:4)
  3 rats
52 creatures vanquished.

Vanquished Creatures (others)
  127 foxfires
127 creatures vanquished.

Grand Total: 179 creatures vanquished

Notes
Turn   | Place    | Note
-------+----------+-------------------------------------------
     0 | D:1      | reriks the Deep Elf Fire Elementalist began the quest for
                  | the Orb.
     0 | D:1      | Reached XP level 1. HP: 10/10 MP: 6/6
   372 | D:1      | Reached XP level 2. HP: 15/15 MP: 5/8
   410 | D:1      | Learned a level 2 spell: Scorch
  1466 | D:2      | Reached XP level 3. HP: 17/19 MP: 0/10
  1993 | D:2      | Found a faded altar of an unknown god.
  2000 | D:2      | Prayed at the altar of an unknown god.
  2000 | D:2      | Became a worshipper of Gozag Ym Sagoz the Greedy
  2573 | D:3      | Reached XP level 4. HP: 24/24 MP: 8/11
  3668 | D:3      | Reached XP level 5. HP: 28/28 MP: 11/13
  3714 | D:3      | Found a white marble altar of Elyvilon.
  4372 | D:4      | Found an opulent altar of Gozag.
  4432 | D:4      | Slain by a scorpion

Illustrated notes

Levels and vault maps discovered:
D:1:      dpeg_arrival_boxes_within_box, layout_basic, supply_closet_lemuel
D:2:      layout_loops_ring, dilly_ecumenical_altar_fadedgnrine
D:3:      layout_loops_ring, mainiacjoe_overflow_cross_hatched,
          nicolae_wormholes
D:4:      layout_rooms, mainiacjoe_overflow_chevrons,
          nicolae_ossuary_entry_giza, chequers_serial_rivers_large_b

Skill      XL: |  1  2  3  4 |
---------------+-------------+-----
Stealth        | 3 |  3.7
Dodging        | 3 |  3.8
Conjurations   | 2 |  2.7
Spellcasting   | 4 |  4.4
Fire Magic     | 4 |  4.2

Action                     |  1- 3 |  4- 6 || total
---------------------------+-------+-------++-------
  Melee: War axe           |       |     1 ||     1
   Cast: Foxfire           |    48 |    31 ||    79
         Scorch            |    13 |    18 ||    31
    Use: Scroll            |     3 |     5 ||     8
 Armour: Robe              |     4 |     1 ||     5
  Dodge: Dodged            |     7 |     5 ||    12

Table legend: (Time is in decaauts)
 A = Elapsed time spent in this place.
 B = Non-inter-level travel time spent in this place.
 C = Inter-level travel time spent in this place.
 D = Time resting spent in this place.
 E = Time spent auto-exploring this place.
 F = Levels seen in this place.
 G = Mean time per level.
                   A        B        C        D        E       F      G
               +--------+--------+--------+--------+--------+-----+--------+
         Total |   4432 |   4320 |    112 |   1537 |   2217 |   4 | 1108.0 |
       Dungeon |   4432 |   4320 |    112 |   1537 |   2217 |   4 | 1108.0 |
               +--------+--------+--------+--------+--------+-----+--------+

Top non-repeatable levels by time:
     D:2: 1562 daAuts
     D:3: 1496 daAuts
     D:1: 1103 daAuts
     D:4: 270 daAuts
